 Dungeon Crawl Stone Soup version 0.30.1-4-g462c640d31 (webtiles) character file.

Game seed: 9880922146799463420

114 Peloso the Covered (level 4, -2/40 HPs)
             Began as a Minotaur Fighter on Aug 19, 2023.
             Slain by a kobold
             ... wielding a +0 whip
              (4 damage)
             ... on level 4 of the Dungeon.
             The game lasted 00:03:28 (2305 turns).

Peloso the Covered (Minotaur Fighter)               Turns: 2305, Time: 00:03:28

Health: -2/40      AC: 12    Str: 21    XL:     4   Next: 66%
Magic:  3/3        EV:  6    Int:  5    God:
Gold:   121        SH:  4    Dex: 11    Spells: 3/3 levels left

rFire   . . .        a - +0 long sword
rCold   . . .        d - +0 buckler
rNeg    . . .        c - +0 plate armour
rPois   .            (helmet restricted)
rElec   .            (no cloak)
rCorr   .            (no gloves)
SInv    .            (no boots)
Will    .....        (no amulet) Stlth
                     (no ring)
HPRegen 0.26/turn    (no ring)
MPRegen 0.08/turn

%: no passive effects
@: no status effects
A: horns 2, retaliatory headbutt
a: no special abilities


You were on level 4 of the Dungeon.
You visited 1 branch of the dungeon, and saw 4 of its levels.

You collected 121 gold pieces.

Inventory:

Hand Weapons
 a - a +0 long sword (weapon)
Armour
 b - a +0 scale mail
 c - a +0 plate armour (worn)
 d - a +0 buckler (worn)
Jewellery
 i - a ring of ice
 o - an amulet of guardian spirit
Scrolls
 f - a scroll of brand weapon {unknown}
 h - a scroll of immolation {unknown}
 j - 2 scrolls of vulnerability {unknown}
 l - 2 scrolls of identify {unknown}
Potions
 e - a potion of curing
 g - a potion of ambrosia {unknown}
 k - a potion of mutation {unknown}
 m - 2 potions of might
 n - a potion of heal wounds {unknown}


   Skills:
 + Level 4.2 Fighting
 + Level 4.0 Long Blades
 + Level 4.5 Armour
 + Level 0.7 Dodging
 + Level 4.3 Shields


You had 3 spell levels left.
You didn't know any spells.
Your spell library contained the following spells:

 Spells                   Type           Power      Damage    Failure   Level
 Slow                     Hex            0%         N/A       100%        1
 Confusing Touch          Hex            0%         N/A       100%        3
 Ozocubu's Armour         Ice            0%         N/A       100%        3
 Vampiric Draining        Necr           0%         2d6       100%        3
 Ozocubu's Refrigeration  Ice            0%         4d7       100%        7


Dungeon Overview and Level Annotations

Branches:
Dungeon (3/15)

Altars:

Shops:
D:2 (


Innate Abilities, Weirdness & Mutations

You have a pair of horns on your head.
You reflexively headbutt those who attack you in melee.


Message History

The gnoll shouts!
You hear a shout! x2
The hound bites you but does no damage. The hound attacks as you move away!
The hound bites you.
A gnoll and a kobold come into view.
Found 2 potions of curing and 7 gold pieces.
Found a stone staircase leading down.
The gnoll shouts!
The hound stops to sniff the ground.
The gnoll barely misses you.
The gnoll moves out of view.
The kobold moves out of view.
A gnoll comes into view. It is wielding a +0 spear.
The gnoll shouts!
The hound pauses to sniff the ground.
The gnoll hits you with a +0 spear.
An endoplasm comes into view.
The gnoll hits you with a +0 halberd. The hound bites you but does no damage.
Unknown command.
You barely miss the gnoll. You headbutt the gnoll.
The gnoll is heavily wounded.
The hound barely misses you. You furiously retaliate!
You headbutt the hound. The gnoll hits you but does no damage.
The gnoll hits you from afar with a +0 spear.
The kobold hits you but does no damage. You block the gnoll's attack.
You hit the gnoll but do no damage. Your headbutt misses the gnoll.
The gnoll is heavily wounded.
The hound barely misses you. The gnoll hits you with a +0 spear.
You block the gnoll's attack. The kobold hits you with a +0 whip.
* * * LOW HITPOINT WARNING * * *
The hound bites you.
* * * LOW HITPOINT WARNING * * *
You hit the gnoll.
You kill the gnoll!
The hound barely misses you. You block the gnoll's attack.
The gnoll hits you with a +0 halberd.
* * * LOW HITPOINT WARNING * * *
The kobold hits you but does no damage.
The hound pauses to sniff the ground.
The hound barely misses you. You block the gnoll's attack.
The kobold hits you with a +0 whip.
You die...

##################
#.hghgg.g....g.g..
#@################
#....)Kg.#
#.....>.g...
#.....J..###..
#..!......
#........##
#....$...#
#.........


You could see 2 hounds, 6 gnolls, an endoplasm and a kobold.

Vanquished Creatures
  4 gnolls
  3 adders
  A worm (D:2)
  2 dart slugs (D:2)
  4 bats
  7 endoplasms
  5 giant cockroaches
  A goblin (D:2)
  4 hobgoblins
  2 kobolds
  2 quokkas (D:2)
  5 ball pythons
  5 frilled lizards
  4 rats
  A spectral kobold (D:2)
50 creatures vanquished.

Notes
Turn   | Place    | Note
-------+----------+-------------------------------------------
     0 | D:1      | Peloso the Minotaur Fighter began the quest for the Orb.
     0 | D:1      | Reached XP level 1. HP: 19/19 MP: 0/0
   380 | D:1      | Reached XP level 2. HP: 27/27 MP: 1/1
  1345 | D:2      | Reached XP level 3. HP: 33/33 MP: 2/2
  1505 | D:2      | Reached XP level 4. HP: 39/40 MP: 3/3
  1527 | D:2      | Found Omu Qaiw's Weapon Shoppe.
  1798 | D:2      | Found a faded altar of an unknown god.
  2276 | D:3      | You fall into a shaft and drop 1 floor!
  2305 | D:4      | HP: 2/40 [gnoll/+0 halberd (5)]
  2305 | D:4      | Slain by a kobold

Illustrated notes

Levels and vault maps discovered:
D:1:      lightli_arrival_maybe_door_vault, layout_basic,
          serial_co_window_serial, co_window_of_opportunity_a,
          co_window_paths_a, co_window_of_opportunity_a, co_window_corner_a,
          co_window_of_opportunity_a, co_window_paths_a, co_window_paths_a,
          co_window_2corner, co_window_paths_c, co_window_corner_b,
          glass_columns_a, glass_columns_b, glass_columns_a, glass_columns_a,
          glass_columns_b, roderic_serpentine_path, minmay_misc_feat_cross
D:2:      minmay_angry_zag, layout_basic,
          dreamdust_ecumenical_altar_drowned_temple, serial_shops,
          nicolae_shop_scrapyard
D:3:      layout_rooms, gup_sewer_entry_bubbles
D:4:      layout_basic, minmay_temple_entry_proselytizer, uniq_eustachio

Skill      XL: |  1  2  3  4 |
---------------+-------------+-----
Armour         | 4 |  4.5
Shields        | 4 |  4.3
Fighting       | 4 |  4.2
Long Blades    | 3 4 |  4.0
Dodging        | |  0.7

Action                     |  1- 3 |  4- 6 || total
---------------------------+-------+-------++-------
  Melee: Long sword        |    73 |    49 ||   122
         Headbutt          |    13 |     7 ||    20
    Use: Potion            |     3 |       ||     3
         Scroll            |       |     2 ||     2
 Armour: Scale mail        |    32 |    15 ||    47
         Plate armour      |       |    36 ||    36
  Dodge: Dodged            |    40 |    24 ||    64
  Block: Buckler           |    14 |    20 ||    34
